 Dungeon Crawl Stone Soup version 0.27-a0-1334-g2746e35aca (webtiles) character file.

Game seed: 16436714564802585905

513635 inmateoo the Slayer (level 24, -8/270 HPs)
             Began as a Demonspawn Fighter on June 17, 2021.
             Was the Champion of Cheibriados.
             Mangled by a golden dragon (16 damage)
             ... on level 4 of the Vaults on June 26, 2021.
             The game lasted 01:17:55 (47645 turns).

inmateoo the Slayer (Demonspawn Fighter)           Turns: 47645, Time: 01:17:56

Health: -8/270     AC: 34    Str: 39    XL:     24   Next: 41%
Magic:  27/39      EV: 29    Int: 35    God:    Cheibriados [******]
Gold:   5689       SH: 18    Dex: 35    Spells: 9/47 levels left

rFire    . . .     SeeInvis +     - Unarmed
rCold    + . .     Faith    .   b - +0 kite shield
rNeg     + . .     Spirit   .   (armour currently unavailable)
rPois    ∞         Reflect  .   P - +3 crown of Dyrovepreva {rElec Int+2 SInv}
rElec    +         Harm     .   z - +0 cloak of Agnosticism {rF- rC+ Regen+ rCorr}
rCorr    +         Rampage  .   (gloves currently unavailable)
Will     +++..                  (boots unavailable)
Stlth    ++........             y - amulet "Xueriska" {Will+ Regen+ Str+4}
HPRegen  2.55/turn              h - ring of willpower
MPRegen  0.26/turn              n - ring "Sekloit" {rPois rF+ Int+3 Dex+4 Stlth-}

@: statue-form, studying Armour, very slow
A: slow and powerful, torment resistance 1, boosted hp, talons 3, foul stench 3,
icemail 2, black mark, (sanguine armour 3), condensation shield, bedeviling
}: 2/15 runes: serpentine, barnacled
a: End Transformation, Renounce Religion, Bend Time, Temporal Distortion,
Slouch, Step From Time


You were on level 4 of the Vaults.
You worshipped Cheibriados.
Cheibriados was exalted by your worship.
You were a living statue of rough stone.
You visited 9 branches of the dungeon, and saw 45 of its levels.
You visited 1 bazaar.
You also visited: Gauntlet.

You collected 8411 gold pieces.
You spent 2722 gold pieces at shops.

Inventory:

Missiles
 L - 13 throwing nets (quivered)
 M - 12 boomerangs of dispersal
Armour
 b - a +0 kite shield (worn)
 k - the +8 orange crystal plate armour (melded) {Archmagi, Int+3 Clar}
   (You found it on level 3 of the Elven Halls)

   It affects your intelligence (+3).
   It protects you against confusion.
 x - a +2 pair of gloves of dexterity (melded)
 z - the +0 cloak of Agnosticism (worn) {rF- rC+ Regen+ rCorr}
   (You found it on level 9 of the Dungeon)

   It makes you vulnerable to fire.
   It protects you from cold.
   It increases your rate of health regeneration.
   It protects you from acid and corrosion.
 P - the +3 crown of Dyrovepreva (worn) {rElec Int+2 SInv}
   (You acquired it on level 2 of the Depths)

   It affects your intelligence (+2).
   It insulates you from electricity.
   It lets you see invisible.
Jewellery
 h - a ring of willpower (left fist)
 n - the ring "Sekloit" (right fist) {rPois rF+ Int+3 Dex+4 Stlth-}
   (You took it off a minotaur in a Gauntlet)

   [ring of protection from fire]

   It affects your intelligence (+3).
   It affects your dexterity (+4).
   It protects you from fire.
   It protects you from poison.
   It makes you less stealthy.
 y - the amulet "Xueriska" (around neck) {Will+ Regen+ Str+4}
   (You acquired it on level 8 of the Dungeon)

   [amulet of regeneration]

   It affects your strength (+4).
   It increases your rate of health regeneration.
   It increases your willpower.
 K - the ring "Numotuutt" {rN+ rCorr SInv}
   (You bought it in a shop on level 2 of the Orcish Mines)

   [ring of resist corrosion]

   It protects you from negative energy.
   It lets you see invisible.
   It protects you from acid and corrosion.
 R - a ring of protection from fire
Wands
 a - a wand of iceblast (77)
 i - a wand of acid (21)
 l - a wand of flame (163)
 o - a wand of mindburst (29)
 v - a wand of paralysis (40)
 C - a wand of polymorph (47)
 F - a wand of charming (8)
 O - a wand of digging (7)
Scrolls
 j - 4 scrolls of fog
 m - 8 scrolls of magic mapping
 r - 23 scrolls of teleportation
 D - 37 scrolls of identify
 E - 4 scrolls of fear
 G - 4 scrolls of blinking
 H - 8 scrolls of amnesia
 I - a scroll of brand weapon
 Q - 2 scrolls of silence
Potions
 c - 9 potions of lignification
 d - 5 potions of brilliance
 e - 21 potions of curing
 f - 10 potions of flight
 g - 15 potions of attraction
 p - 10 potions of cancellation
 q - a potion of ambrosia
 s - 7 potions of might
 t - 5 potions of mutation
 w - 6 potions of invisibility
 A - 6 potions of magic
 B - 5 potions of resistance
 N - 6 potions of heal wounds
Miscellaneous
 u - a condenser vane


   Skills:
 - Level 21.0 Fighting
 - Level 12.0 Armour
 + Level 13.0 Dodging
 + Level 13.8 Shields
 + Level 19.1 Unarmed Combat
 + Level 12.3 Spellcasting
 + Level 12.3 Transmutations
 + Level 12.2 Earth Magic
 - Level 14.0 Invocations
 - Level 10.0 Evocations


You had 9 spell levels left.
You knew the following spells:

 Your Spells              Type           Power      Damage    Failure   Level
a - Statue Form           Tmut/Erth      54%        N/A       2%          6
b - Wereblood             Tmut           83%        N/A       1%          2
c - Summon Lightning Spi  Summ/Air       21%        N/A       22%         4
d - Blink                 Tloc           N/A        N/A       3%          2
e - Borgnjor's Vile Clut  Necr/Erth      29%        N/A       4%          5
f - Passwall              Tmut/Erth      68%        N/A       1%          2
g - Apportation           Tloc           42%        N/A       2%          1
h - Passage of Golubria   Tloc           N/A        N/A       22%         4
i - Summon Forest         Summ/Tloc      10%        N/A       52%         5
j - Storm Form            Tmut/Air       30%        N/A       83%         7

Your spell library contained the following spells:

 Spells                   Type           Power      Damage    Failure   Level
 Beastly Appendage        Tmut           100%       N/A       0%          1
 Ignite Poison            Fire/Tmut/Pois 50%        N/A       1%          3
 Spider Form              Tmut/Pois      30%        N/A       1%          3
 Animate Armour           Summ/Erth      100%       N/A       1%          4
 Ice Form                 Ice/Tmut       60%        N/A       1%          4
 Leda's Liquefaction      Hex/Erth       38%        N/A       1%          4
 Petrify                  Tmut/Erth      82%        N/A       1%          4
 Blade Hands              Tmut           41%        N/A       1%          5
 Lee's Rapid Deconstruct  Erth           41%        3d21*     1%          5
 Corona                   Hex            35%        N/A       2%          1
 Foxfire                  Conj/Fire      84%        2x1d8     2%          1
 Freeze                   Ice            84%        1d10      2%          1
 Magic Dart               Conj           84%        1d7       2%          1
 Summon Small Mammal      Summ           84%        N/A       2%          1
 Call Imp                 Summ           21%        N/A       3%          2
 Ensorcelled Hibernation  Hex/Ice        64%        N/A       3%          2
 Poisonous Vapours        Pois/Air       42%        N/A       3%          2
 Searing Ray              Conj           42%        3d4       3%          2
 Slow                     Hex            32%        N/A       3%          2
 Sublimation of Blood     Necr           10%        N/A       3%          2
 Alistair's Intoxication  Tmut/Pois      40%        N/A       4%          5
 Irradiate                Conj/Tmut      30%        3d24      4%          5
 Yara's Violent Unravell  Hex/Tmut       38%        3d15      4%          5
 Call Canine Familiar     Summ           21%        N/A       7%          3
 Confusing Touch          Hex            32%        N/A       7%          3
 Conjure Flame            Conj/Fire      21%        6-21      7%          3
 Dazzling Flash           Conj/Hex       64%        N/A       7%          3
 Gell's Gravitas          Tloc           10%        N/A       7%          3
 Inner Flame              Hex/Fire       32%        N/A       7%          3
 Lesser Beckoning         Tloc           10%        N/A       7%          3
 Mephitic Cloud           Conj/Pois/Air  21%        N/A       7%          3
 Summon Guardian Golem    Hex/Summ       32%        N/A       7%          3
 Swiftness                Air            21%        N/A       7%          3
 Tukima's Dance           Hex            32%        N/A       7%          3
 Bolt of Magma            Conj/Fire/Erth 25%        4d12      12%         5
 Dragon Form              Tmut           41%        N/A       12%         7
 Cause Fear               Hex            16%        N/A       22%         4
 Fulminant Prism          Conj/Hex       16%        3d11      22%         4
 Iskenderun's Mystic Bla  Conj/Tloc      21%        2d6       22%         4
 Sticky Flame             Conj/Fire      21%        2d4       22%         4
 Summon Ice Beast         Ice/Summ       21%        N/A       22%         4
 Eringya's Noxious Bog    Tmut/Pois      30%        N/A       26%         6
 Iron Shot                Conj/Erth      29%        9d6       28%         6
 Fireball                 Conj/Fire      10%        3d6       52%         5
 Freezing Cloud           Conj/Ice/Air   10%        6-21      52%         5
 Metabolic Englaciation   Hex/Ice        16%        N/A       52%         5
 Silence                  Hex/Air        16%        N/A       52%         5
 Conjure Ball Lightning   Conj/Air       10%        3x3d6     98%         6
 Invisibility             Hex            16%        N/A       98%         6
 Shadow Creatures         Summ           N/A        N/A       98%         6
 Simulacrum               Ice/Necr       10%        N/A       98%         6
 Starburst                Conj/Fire      10%        8x6d5     98%         6
 Malign Gateway           Summ/Tloc      10%        N/A       100%        7
 Ozocubu's Refrigeration  Ice            10%        4d7       100%        7
 Summon Hydra             Summ           10%        N/A       100%        7
 Discord                  Hex            16%        N/A       100%        8
 Ignition                 Fire           10%        3d5       100%        8
 Shatter                  Erth           41%        3d32*     100%        9


Dungeon Overview and Level Annotations

Branches:
Dungeon (15/15)            Temple (1/1) D:6            Lair (6/6) D:9
 Shoals (4/4) Lair:4        Snake (4/4) Lair:2        Slime (0/5) Lair:6
    Orc (2/2) D:10            Elf (3/3) Orc:2        Vaults (4/5) D:14
  Crypt (0/3) Vaults:2     Depths (5/5) D:15            Zot (0/5) Depths:5
Gauntlet (visited)

Altars:
Ashenzari
Cheibriados
Dithmenos
Elyvilon
Fedhas
Gozag
Hepliaklqana
Kikubaaqudgha
Makhleb
Nemelex Xobeh
Okawaru
Qazlal
Ru
Sif Muna
Trog
Uskayaw
Vehumet
Wu Jian
Xom
Yredelemnul
Zin
The Shining One
Beogh
Jiyva

Shops:
D:1 !   D:9 :*   D:10 ([   D:11 *   D:14 ?   Orc:2 :=([   Elf:1 !   Elf:2 *
Elf:3 (   Shoals:4 *   Snake:2 **   Vaults:1 =([(*   Depths:2 !

Portals:
Hell: Lair:6 Depths:1 Depths:2 Depths:3 Depths:4 Depths:5
Abyss: Depths:3 Depths:4
Pandemonium: Depths:1 Depths:3
Ziggurat: Depths:5
Trove: Depths:2 (give 13 potions of heal wounds)

Annotations:
D:9 1 runed translucent door, askman's ghost, novice TrMo
Snake:2 2 transporters, exclusion: orange crystal statue
Elf:2 3 runed translucent doors


Innate Abilities, Weirdness & Mutations

You are a living statue of rough stone.
Your actions are slow, but your melee attacks are powerful.
You are resistant to unholy torment.
Your maximum health is greatly increased.
You are immune to poison.
Your equipment is partially melded.
You have claws for feet.
You frequently emit foul miasma when damaged in melee.
A meltable icy envelope protects you from harm. (AC +0)
Your melee attacks may debilitate your foes.
((When seriously injured, your bleeding wounds create very thick armour. (AC +0)))
A meltable shield of frost defends you. (SH +0)
Your maledictions are enhanced.


Message History

The tengu reaver misses you. You block the tengu reaver's attack.
The vault sentinel gestures at you while chanting.
You easily resist.
The vault guard is engulfed in dark miasma.
The vault guard is poisoned.
The vault guard seems to slow down.
The vault guard hits you with a +3 halberd of venom!
* * * LOW HITPOINT WARNING * * *
The golden dragon is engulfed in dark miasma.
The golden dragon seems to slow down.
The golden dragon breathes fire at you. The bolt of fire hits you!!
* * * LOW HITPOINT WARNING * * *
The yaktaur captain is engulfed in dark miasma.
The yaktaur captain looks even sicker.
The yaktaur captain seems to slow down.
The yaktaur captain hits you with a +0 dire flail!
* * * LOW HITPOINT WARNING * * *
The tengu reaver hits you but does no damage.
You block the tengu reaver's attack. The tengu reaver misses you.
The vault sentinel gestures at you while chanting.
You easily resist.
The vault guard is engulfed in dark miasma.
The vault guard looks even sicker.
The vault guard seems to slow down.
The vault guard hits you with a +3 halberd of venom.
* * * LOW HITPOINT WARNING * * *
The golden dragon is engulfed in dark miasma.
The golden dragon is poisoned.
You block the golden dragon's attack.
The golden dragon completely misses you.
The golden dragon misses you.
The yaktaur captain is engulfed in dark miasma.
The yaktaur captain looks even sicker.
The yaktaur captain hits you with a +0 dire flail!
* * * LOW HITPOINT WARNING * * *
You can feel time thicken for a moment.
The tengu reaver misses you. You block the tengu reaver's attack.
The tengu reaver completely misses you.
The vault sentinel blows a loud note on a signal horn!
The vault guard is engulfed in dark miasma.
The vault guard looks even sicker.
You block the vault guard's attack.
The golden dragon is engulfed in dark miasma.
The golden dragon looks even sicker.
The golden dragon bites you!
You die...

.........[...............#.......
.........................'.......
.........................#.......
.................(.......#.......
.....................).).#.......
########'###'#########'##########
.....##...##.##...# #).....#####
.....##...##.##Dp§# #......#....
.<...##........p8Q# #......#....
.....####......c### #......#....
.....####.......### #......'....
.....##...........# #......#....
.....####.......### #......#....
.....####.......### #......#....
.....##...........# #......#....
.....##...##.##...# #......#....
##''###...##.##...# #......#####


You could see a golden dragon (very poisoned, slow, catching breath), a tengu
reaver, a yaktaur captain (very poisoned, slow), a vault guard (very poisoned,
slow) and a vault sentinel (catching breath).

Vanquished Creatures
  An ancient lich (Vaults:2)
  Mennas (Vaults:4)
  Sojobo (Vaults:4)
  Bai Suzhen (Elf:3)
  Margery (Vaults:3)
  4 golden dragons
  A caustic shrike (Depths:4)
  The ghost of Nybbakke the Tortoise, an adept MiFi of Gozag (Vaults:1)
  Jorgrun (Snake:2)
  A tentacled monstrosity (Vaults:2)
  6 liches
  The ghost of saggybeans the Grappler, an adept TrEE of Cheibriados (Shoals:3)
  A quicksilver dragon (Depths:5)
  A deep elf blademaster (Elf:3)
  3 deep elf master archers (Elf:3)
  An ancient champion (Vaults:2)
  2 krakens
  8 sphinxes
  A shadow dragon (Depths:2)
  8 tengu reavers
  The ghost of polve the Severer, an adept DsBe of Trog (Snake:3)
  Roxanne (Shoals:2)
  4 nagarajas (Snake:4)
  3 fire giants
  2 iron dragons (Depths:4)
  11 vault wardens
  5 frost giants
  Ilsuiw (Shoals:3)
  Aizul (Elf:3)
  4 orc warlords
  4 deep elf elementalists (Elf:3)
  4 spectral caustic shrikes (Depths:3)
  8 deep elf sorcerers
  2 spriggan defenders (Depths:5)
  Louise (Depths:3)
  2 draconian stormcallers (Depths:5)
  19 very ugly things
  18 ironbound preservers
  22 stone giants
  A minotaur (Gauntlet)
  6 deep elf demonologists
  2 purple draconians (Depths:5)
  3 entropy weavers
  2 white draconians (Depths:5)
  2 yellow draconians (Depths:5)
  8 dire elephants
  2 vampire knights
  7 deep elf annihilators
  6 spark wasps (Depths:2)
  2 pale draconians (Depths:5)
  An eidolon (Vaults:2)
  9 merfolk javelineers
  13 merfolk impalers
  3 deep elf death magi (Elf:3)
  9 ettins
  Fannar (D:11)
  8 yaktaur captains
  13 fire dragons
  5 rakshasas
  7 deep elf high priests
  2 salamander tyrants
  3 great orbs of eyes
  6 ironbound thunderhulks
  4 peacekeepers
  9 hydras
  A quicksilver dragon skeleton (Depths:1)
  29 vault guards
  A caustic shrike simulacrum (Depths:4)
  Erolcha (D:10)
  A catoblepas (Lair:6)
  10 ice dragons
  4 spriggan air magi
  11 boulder beetles
  10 naga warriors
  3 merfolk avatars
  6 ironbound frosthearts
  An ogre mage (Vaults:2)
  4 satyrs
  8 death yaks
  An anaconda (shapeshifter) (Depths:4)
  11 anacondas
  A ghost crab (Gauntlet)
  19 centaur warriors
  2 death knights
  3 hell hogs (Depths:5)
  11 dancing weapons
  3 two-headed ogres
  5 orc high priests
  3 alligator snapping turtles
  3 merfolk aquamancers
  A vampire mage (Depths:2)
  8 ironbound beastmasters
  6 deep troll shamans
  2 deep troll earth magi
  13 tengu warriors
  Urug (D:11)
  4 shock serpents
  The ghost of pOrYW the Geomancer, a journeyman GrEE of Elyvilon (D:13)
  9 naga sharpshooters
  15 hell knights
  3 spriggan berserkers
  5 sun demons
  A fire crab (Shoals:2)
  2 soul eaters (Depths:5)
  7 deep elf knights
  7 iron trolls
  A spark wasp zombie (Depths:1)
  A spriggan (Depths:5)
  A titan skeleton (Depths:4)
  A sixfirhy (Lair:6)
  A death drake (Gauntlet)
  6 salamander mystics
  50 deep trolls
  13 sea snakes
  2 spectral anacondas (Snake:3)
  A glowing orange brain (shapeshifter) (D:15)
  A flayed ghost (Depths:4)
  2 deep elf archers (Elf:1)
  2 glowing orange brains
  10 naga ritualists
  6 wizards
  A golden dragon skeleton (Depths:4)
  12 mana vipers
  A spectral wolf spider (D:13)
  3 lindwurms (Vaults:1)
  Pikel (D:4)
  17 orc knights
  21 harpies
  14 ironbound convokers
  A sphinx zombie (Vaults:3)
  2 lindwurms (shapeshifter)
  23 deep elf pyromancers
  8 necromancers
  A wolf spider zombie (Gauntlet)
  51 ugly things
  A wolf spider (Vaults:4)
  7 cyclopes
  A phantasmal warrior (D:14)
  22 deep elf zephyrmancers
  5 orc sorcerers (Orc:2)
  9 manticores
  A worldbinder (Gauntlet)
  20 salamanders
  6 oklob plants
  2 stone giant zombies (Vaults:3)
  16 fauns
  A spectral centaur (D:13)
  12 elephants
  32 black mambas
  11 merfolk sirens
  2 stone giant skeletons (Depths:1)
  19 naga magi
  4 guardian serpents
  3 orange demons (Lair:6)
  2 smoke demons (Depths:5)
  An ice statue (Depths:5)
  9 vault sentinels
  6 water nymphs
  11 cane toads
  2 spriggan zombies (Depths:1)
  A torpor snail (Lair:5)
  A freezing wraith (Vaults:2)
  5 rime drakes
  An unseen horror (D:11)
  A gargoyle (D:12)
  30 yaktaurs
  A yaktaur zombie (Vaults:3)
  An efreet (D:13)
  A komodo dragon (shapeshifter) (Elf:3)
  An ice devil (Lair:6)
  A spriggan skeleton (Depths:1)
  A golden dragon simulacrum (Depths:4)
  8 komodo dragons
  A hellwing (Lair:6)
  3 tengu conjurers
  A red devil (Lair:6)
  31 merfolk
  A guardian mummy (Depths:2)
  6 trolls
  A wind drake (shapeshifter) (Depths:4)
  2 jumping spiders (shapeshifter)
  3 wind drakes
  3 polar bears
  Prince Ribbit (D:6)
  A hornet (shapeshifter) (Elf:3)
  3 hornets
  24 slime creatures
  25 blink frogs
  A spectral meliai (D:13)
  A tengu simulacrum (Depths:4)
  A spectral black mamba (Snake:3)
  A stone giant simulacrum (Vaults:3)
  A fire giant simulacrum (Depths:1)
  12 snapping turtles
  8 redbacks
  20 water elementals
  4 air elementals
  A centaur simulacrum (D:13)
  5 dream sheep
  A shock serpent simulacrum (Snake:3)
  An ice dragon skeleton (Depths:1)
  3 shadows
  9 wyverns
  A salamander simulacrum (Snake:3)
  3 wraiths
  An elf simulacrum (Vaults:3)
  40 yaks
  2 ettin skeletons (Vaults:3)
  4 steam dragons
  2 fire elementals
  7 fire bats
  5 vampire mosquitoes
  2 basilisks
  5 wargs
  53 nagas
  4 acid dragons
  A harpy simulacrum (D:13)
  Duvessa (D:4)
  5 hell hounds (Lair:6)
  21 water moccasins
  A meliai simulacrum (D:13)
  26 orc warriors
  3 black bears (D:5)
  A sky beast (D:6)
  A necrophage (D:5)
  2 black mamba simulacra (Snake:3)
  11 boggarts
  4 ogres
  61 wolves
  14 centaurs
  2 phantoms
  2 kobold brigands
  An earth elemental (Elf:3)
  2 gnoll sergeants
  16 bullfrogs
  A human zombie (Vaults:3)
  3 scorpions
  Dowan (D:4)
  2 water moccasin zombies
  A hornet simulacrum (D:13)
  13 wights
  A human simulacrum (Vaults:3)
  4 killer bees (D:8)
  An electric eel (D:14)
  5 howler monkeys
  A tengu skeleton (Depths:1)
  3 centaur zombies
  3 naga simulacra (Snake:3)
  7 hounds
  19 orc priests
  3 jellies
  2 centaur skeletons
  A bullfrog skeleton (D:6)
  3 gnoll shamans
  5 iguanas
  20 orc wizards
  2 killer bee zombies (D:7)
  An ogre zombie (D:8)
  A hound skeleton (D:5)
  A howler monkey zombie (D:9)
  19 gnolls
  A howler monkey skeleton (D:6)
  6 adders
  A gnoll zombie (D:8)
  A shadow imp (D:7)
  A white imp (D:7)
  A worm (D:2)
  4 dart slugs
  70 orcs
  7 ball pythons
  7 endoplasms
  4 giant cockroaches
  7 goblins
  7 hobgoblins
  11 jackals (D:4)
  A quokka (D:5)
  3 bats
  2 frilled lizards (D:2)
  14 kobolds
  3 rats
  A bush (Lair:1)
  7 tentacles
1802 creatures vanquished.

Vanquished Creatures (others)
  A deep elf knight (Elf:1)
  A wizard (Vaults:4)
  A deep elf zephyrmancer (Elf:1)
  An ugly thing (Depths:3)
  A black mamba (Snake:3)
  A spectral salamander (Snake:3)
  2 boggarts
  An orc wizard (Orc:2)
  An orc (Orc:2)
  41 fungi
  96 plants
  9 tentacles
156 creatures vanquished.

Grand Total: 1958 creatures vanquished

Notes
Turn   | Place    | Note
-------+----------+-------------------------------------------
     0 | D:1      | inmateoo the Demonspawn Fighter began the quest for the
                  | Orb.
     0 | D:1      | Reached XP level 1. HP: 18/18 MP: 1/1
   102 | D:1      | Found Lomuas's Distillery.
   177 | D:1      | Found a faded altar of an unknown god.
   995 | D:1      | Gained mutation: When seriously injured, your bleeding
                  | wounds create armour. (AC +0) [demonic ancestry]
   995 | D:1      | Reached XP level 2. HP: 24/24 MP: 2/2
  2013 | D:2      | Gained mutation: You may rarely emit foul miasma when
                  | damaged in melee. [demonic ancestry]
  2013 | D:2      | Reached XP level 3. HP: 24/29 MP: 3/3
  3063 | D:3      | Identified a scroll of acquirement
  3063 | D:3      | Acquired 742 gold pieces
  3104 | D:3      | Gained mutation: A meltable shield of frost defends you.
                  | (SH +0) [demonic ancestry]
  3104 | D:3      | Reached XP level 4. HP: 33/35 MP: 4/4
  3177 | D:3      | Reached skill level 1 in Dodging
  3201 | D:3      | Found a hide-covered altar of Uskayaw.
  3865 | D:3      | Gained mutation: A meltable icy envelope protects you from
                  | harm. (AC +0) [demonic ancestry]
  3865 | D:3      | Reached XP level 5. HP: 25/41 MP: 5/5
  4083 | D:4      | Found a radiant altar of Vehumet.
  4089 | D:4      | Noticed a lemure
  4090 | D:4      | Noticed a lemure
  4092 | D:4      | Noticed Pikel
  4115 | D:4      | Noticed a lemure
  4117 | D:4      | Noticed a lemure
  4140 | D:4      | Killed Pikel
  4141 | D:4      | Reached skill level 4 in Fighting
  4141 | D:4      | Gained mutation: When seriously injured, your bleeding
                  | wounds create thick armour. (AC +0) [demonic ancestry]
  4141 | D:4      | Reached XP level 6. HP: 30/48 MP: 6/6
  4141 | D:4      | Gained mutation: You have sharp toenails. [demonic
                  | ancestry]
  4141 | D:4      | Reached XP level 7. HP: 34/54 MP: 7/7
  4493 | D:4      | Noticed Dowan
  4495 | D:4      | Noticed Duvessa
  4521 | D:4      | Killed Duvessa
  4637 | D:4      | Killed Dowan
  4897 | D:4      | Reached skill level 5 in Unarmed Combat
  5144 | D:4      | Gained mutation: You have razor-sharp toenails. [demonic
                  | ancestry]
  5144 | D:4      | Reached XP level 8. HP: 54/61 MP: 8/8
  5493 | D:5      | Entered Level 5 of the Dungeon
  5763 | D:5      | Reached skill level 5 in Fighting
  6201 | D:5      | Reached skill level 5 in Shields
  6249 | D:5      | Reached skill level 5 in Armour
  6653 | D:5      | Found a blossoming altar of Fedhas.
  6653 | D:5      | Found a shadowy altar of Dithmenos.
  6661 | D:5      | Found a faded altar of an unknown god.
  6663 | D:5      | Found an ancient bone altar of Kikubaaqudgha.
  6665 | D:5      | Found a faded altar of an unknown god.
  6748 | D:5      | Reached XP level 9. HP: 29/68 MP: 9/9
  6973 | D:6      | Found an ornate altar of the Wu Jian Council.
  7464 | D:6      | Found a staircase to the Ecumenical Temple.
  7497 | Temple   | Entered the Ecumenical Temple
  7835 | D:6      | Reached skill level 6 in Fighting
  8237 | D:6      | Noticed Prince Ribbit
  8248 | D:6      | Killed Prince Ribbit
  8437 | D:7      | Identified the +5 plate armour of Gravity {Str+5 Dex+3}
  8498 | D:7      | Reached skill level 5 in Dodging
  8526 | D:7      | Found a snail-covered altar of Cheibriados.
  8559 | D:7      | Became a worshipper of Cheibriados the Contemplative
  8689 | D:7      | Found a shimmering altar of Xom.
  8785 | D:7      | Reached skill level 1 in Invocations
  8920 | D:8      | Gained mutation: You sometimes emit foul miasma when
                  | damaged in melee. [demonic ancestry]
  8920 | D:8      | Reached XP level 10. HP: 42/77 MP: 10/10
  9185 | D:8      | Reached * piety under Cheibriados
  9259 | D:8      | Found a transporter.
  9701 | D:8      | Found a transporter.
  9739 | D:8      | Found a large runed translucent door.
  9740 | D:8      | Found a large runed translucent door.
  9988 | D:8      | Acquired the amulet "Xueriska" {Will+ Regen+ Str+4}
 10009 | D:8      | Found a sparkling altar of Nemelex Xobeh.
 10166 | D:8      | Reached skill level 7 in Fighting
 10170 | D:8      | Reached ** piety under Cheibriados
 10257 | D:9      | Reached skill level 5 in Invocations
 10274 | D:9      | Identified the +0 cloak of Agnosticism {rF- rC+ Regen+
                  | rCorr}
 10348 | D:9      | Noticed a deep elf pyromancer
 10355 | D:9      | Killed a deep elf pyromancer
 10430 | D:9      | Found a staircase to the Lair.
 10618 | D:9      | Gained mutation: When seriously injured, your bleeding
                  | wounds create very thick armour. (AC +0) [demonic ancestry]
 10618 | D:9      | Reached XP level 11. HP: 83/84 MP: 15/15
 10732 | D:9      | Found Addotz's Book Shoppe.
 10785 | D:9      | Found a runed translucent door.
 10785 | D:9      | Noticed askman's ghost (novice TrMo)
 10898 | D:9      | Found Quaw Pyv's General Store.
 10906 | D:9      | Bought a scroll of identify for 30 gold pieces
 10906 | D:9      | Bought 2 potions of might for 120 gold pieces
 10927 | D:9      | Reached *** piety under Cheibriados
 11065 | D:10     | Entered Level 10 of the Dungeon
 11087 | D:10     | Noticed a centaur warrior
 11095 | D:10     | Killed a centaur warrior
 11373 | D:10     | Found Muiru's Armour Boutique.
 11374 | D:10     | Found a staircase to the Orcish Mines.
 11376 | D:10     | Found Gununoig's Weapon Boutique.
 11504 | D:10     | Found an opulent altar of Gozag.
 11567 | D:11     | Noticed Erolcha
 11574 | D:10     | Killed Erolcha
 11604 | D:11     | Reached **** piety under Cheibriados
 11634 | D:11     | Learned a level 2 spell: Blink
 11759 | D:11     | Noticed Urug
 11767 | D:11     | Killed Urug
 11859 | D:11     | Noticed a two-headed ogre
 11860 | D:11     | Noticed a two-headed ogre
 11866 | D:11     | Killed a two-headed ogre
 11870 | D:11     | Killed a two-headed ogre
 11908 | D:11     | Noticed Fannar
 11926 | D:11     | Killed Fannar
 11927 | D:11     | Reached skill level 8 in Fighting
 12106 | D:11     | Found Zaechiuq's General Store.
 12118 | D:11     | Noticed an eight-headed hydra
 12123 | D:11     | Killed an eight-headed hydra
 12124 | D:11     | Reached skill level 10 in Unarmed Combat
 12126 | D:11     | Bought 2 scrolls of teleportation for 96 gold pieces
 12126 | D:11     | Bought a scroll of teleportation for 48 gold pieces
 12151 | D:11     | Noticed a purple ugly thing
 12156 | D:11     | Killed a purple ugly thing
 12402 | D:12     | Noticed a deep elf pyromancer
 12406 | D:12     | Killed a deep elf pyromancer
 12459 | D:12     | Noticed a deep elf pyromancer
 12462 | D:12     | Killed a deep elf pyromancer
 12463 | D:12     | Reached XP level 12. HP: 78/92 MP: 18/18
 12519 | D:12     | Noticed a boulder beetle
 12527 | D:12     | Killed a boulder beetle
 12553 | D:12     | Noticed a death knight
 12566 | D:12     | Killed a death knight
 12900 | D:12     | Noticed a boulder beetle
 12916 | D:12     | Killed a boulder beetle
 12918 | D:12     | Acquired a manual of Fighting
 12932 | D:12     | Reached skill level 10 in Invocations
 13292 | D:13     | Noticed a boulder beetle
 13305 | D:13     | Killed a boulder beetle
 13382 | D:13     | HP: 3/94 [large slime creature (4)]
 13384 | D:13     | Reached skill level 9 in Fighting
 13442 | D:13     | Noticed a two-headed ogre
 13448 | D:13     | Killed a two-headed ogre
 13525 | D:13     | Noticed a centaur warrior
 13533 | D:13     | Killed a centaur warrior
 13562 | D:13     | Found a runed translucent gate.
 13562 | D:13     | Found a runed translucent gate.
 13563 | D:13     | Found a runed translucent gate.
 13566 | D:13     | Noticed pOrYW's ghost (journeyman GrEE)
 13637 | D:13     | Noticed a centaur warrior
 13646 | D:13     | Killed a centaur warrior
 13886 | D:13     | Killed pOrYW's ghost
 13906 | D:13     | Reached XP level 13. HP: 102/102 MP: 20/20
 14103 | D:14     | Reached ***** piety under Cheibriados
 14104 | D:14     | Reached skill level 10 in Fighting
 14370 | D:14     | Found Biduz's Magic Scroll Boutique.
 14385 | D:14     | Bought a scroll of teleportation for 51 gold pieces
 14385 | D:14     | Bought a scroll of teleportation for 51 gold pieces
 14385 | D:14     | Bought a scroll of teleportation for 51 gold pieces
 14385 | D:14     | Bought a scroll of identify for 34 gold pieces
 14385 | D:14     | Bought a scroll of identify for 34 gold pieces
 14385 | D:14     | Bought a scroll of identify for 34 gold pieces
 14385 | D:14     | Bought a scroll of identify for 34 gold pieces
 14727 | D:14     | Found a gate to the Vaults.
 15145 | D:15     | Entered Level 15 of the Dungeon
 15185 | D:15     | Found a gate leading to a gauntlet.
 15191 | D:15     | Noticed a fire dragon
 15204 | D:15     | Killed a fire dragon
 15210 | D:15     | Reached skill level 11 in Fighting
 15217 | Gauntlet | Entered a Gauntlet
 15217 | Gauntlet | Found a transporter.
 15217 | Gauntlet | Found a transporter.
 15217 | Gauntlet | Found a transporter.
 15250 | Gauntlet | Found a transporter.
 15257 | Gauntlet | Found a transporter.
 15259 | Gauntlet | Found a transporter.
 15269 | Gauntlet | Found a transporter.
 15271 | Gauntlet | Found a transporter.
 15278 | Gauntlet | Noticed a blizzard demon
 15281 | Gauntlet | Found a transporter.
 15383 | Gauntlet | Found a transporter.
 15387 | Gauntlet | Found a transporter.
 15399 | Gauntlet | Found a transporter.
 15590 | Gauntlet | Identified the +12 trident of Tuegaubu {vorpal, Fly Will-
                  | Int+4 SInv}
 15590 | Gauntlet | Identified the ring "Sekloit" {rPois rF+ Int+3 Dex+4
                  | Stlth-}
 15590 | Gauntlet | Noticed a minotaur
 15600 | Gauntlet | Killed a minotaur
 15726 | D:15     | Reached XP level 14. HP: 91/113 MP: 21/21
 16129 | D:15     | Noticed a purple very ugly thing
 16151 | D:15     | Killed a white very ugly thing
 16202 | D:15     | Found a staircase to the Depths.
 16218 | D:15     | Reached skill level 12 in Fighting
 16661 | Lair:1   | Entered Level 1 of the Lair of Beasts
 16765 | Lair:1   | Acquired the -5 pair of boots "Bebetep" {Will+ Int+2}
 17146 | Lair:1   | You fall into a shaft and drop 1 floor!
 17168 | Lair:2   | Found a staircase to the Snake Pit.
 18039 | Lair:2   | Reached skill level 10 in Shields
 18303 | Lair:2   | Reached ****** piety under Cheibriados
 18655 | Lair:2   | Reached skill level 10 in Armour
 18756 | Lair:3   | Found the +2 hood of the Assassin {Detection Stab+ Stlth++}
 18762 | Lair:3   | You fall into a shaft and drop 1 floor!
 19933 | Lair:4   | Gained mutation: A meltable icy envelope protects you from
                  | harm. (AC +0) [demonic ancestry]
 19933 | Lair:4   | Reached XP level 15. HP: 122/122 MP: 22/22
 20010 | Lair:4   | Identified the +6 long sword "Wuebluhi" {flame, rN+ rCorr
                  | Str+4}
 20020 | Lair:4   | Found a staircase to the Shoals.
 20028 | Lair:4   | Reached skill level 13 in Fighting
 20529 | Lair:4   | Reached skill level 10 in Dodging
 21079 | Lair:5   | Found a runed translucent door.
 21147 | Lair:5   | Acquired a manual of Fighting
 21713 | Lair:6   | Entered Level 6 of the Lair of Beasts
 22274 | Lair:6   | Found an iron altar of Okawaru.
 22321 | Lair:6   | Found a staircase to the Slime Pits.
 22323 | Lair:6   | Found a viscous altar of Jiyva.
 22603 | Lair:6   | Found a burning altar of Makhleb.
 22608 | Lair:6   | Reached skill level 14 in Fighting
 22638 | Lair:6   | Found a gateway to Hell.
 22650 | Lair:6   | Identified the +7 longbow of the Onslaught {vorpal, Str+2}
 22843 | Orc:1    | Entered Level 1 of the Orcish Mines
 23312 | Orc:2    | Entered Level 2 of the Orcish Mines
 23677 | Orc:2    | Reached XP level 16. HP: 119/133 MP: 23/23
 23728 | Orc:2    | Found a staircase to the Elven Halls.
 23972 | Orc:2    | Found Diyr's Antique Armour Shop.
 23972 | Orc:2    | Found Femn's Book Emporium.
 23975 | Orc:2    | Found Zothuunt's Antique Weapon Shop.
 23975 | Orc:2    | Found Vupuwn's Jewellery Emporium.
 23984 | Orc:2    | Bought the ring "Numotuutt" {rN+ rCorr SInv} for 495 gold
                  | pieces
 23994 | Orc:2    | Learned a level 2 spell: Wereblood
 23999 | Orc:2    | Learned a level 4 spell: Summon Lightning Spire
 24006 | Orc:2    | Learned a level 6 spell: Statue Form
 24226 | Snake:1  | Entered Level 1 of the Snake Pit
 24469 | Snake:1  | Reached skill level 1 in Spellcasting
 24679 | Snake:1  | Reached skill level 15 in Unarmed Combat
 24901 | Snake:1  | Reached skill level 1 in Earth Magic
 25071 | Snake:1  | Upgraded the game from 0.27-a0-1299-g1ab19c6527 to
                  | 0.27-a0-1308-gc08437e49b
 25112 | Snake:2  | Reached skill level 1 in Transmutations
 25123 | Snake:2  | Found a transporter.
 25126 | Snake:2  | Identified the ring of the Ageing Hero {rF+++ rC+}
 25128 | Snake:2  | Found a transporter.
 25360 | Snake:2  | Found Woniuqar's General Store.
 25362 | Snake:2  | Noticed Jorgrun
 25375 | Snake:2  | Killed Jorgrun
 25449 | Snake:2  | Found Bipaz's Assorted Antiques.
 25476 | Snake:2  | Bought a scroll labelled NOLIRYZIFO for 18 gold pieces
 26288 | Snake:3  | Reached skill level 15 in Fighting
 26367 | Snake:3  | Reached XP level 17. HP: 123/142 MP: 25/25
 26510 | Snake:3  | Found a runed translucent gate.
 26510 | Snake:3  | Found a runed translucent gate.
 26511 | Snake:3  | Found a runed translucent gate.
 26517 | Snake:3  | Noticed polve's ghost (adept DsBe)
 27196 | Snake:3  | Killed polve's ghost
 27204 | Snake:3  | Identified the +2 hat "Dadghyqus" {rF+ Slay+4}
 27227 | Snake:3  | Upgraded the game from 0.27-a0-1308-gc08437e49b to
                  | 0.27-a0-1312-g5cdb2b3542
 27239 | Snake:4  | Entered Level 4 of the Snake Pit
 27324 | Snake:4  | Reached skill level 5 in Spellcasting
 27571 | Shoals:1 | Entered Level 1 of the Shoals
 27838 | Shoals:1 | Identified the +8 whip of Vodka {speed, rElec rF++ Int+2}
 28594 | Shoals:2 | Noticed Roxanne
 29355 | Shoals:2 | Killed Roxanne
 29509 | Shoals:3 | Noticed a kraken
 29530 | Shoals:3 | Killed a kraken
 29556 | Shoals:3 | Found a runed translucent gate.
 29557 | Shoals:3 | Found a runed translucent gate.
 29559 | Shoals:3 | Found a runed translucent gate.
 29560 | Shoals:3 | Noticed Ilsuiw
 29561 | Shoals:3 | Noticed saggybeans's ghost (adept TrEE)
 29746 | Shoals:3 | Gained mutation: Your maledictions are enhanced. [demonic
                  | ancestry]
 29746 | Shoals:3 | Reached XP level 18. HP: 151/151 MP: 28/28
 29773 | Shoals:3 | Killed Ilsuiw
 30263 | Shoals:3 | Reached skill level 16 in Fighting
 30263 | Shoals:3 | Reached skill level 5 in Earth Magic
 30388 | Shoals:3 | Killed saggybeans's ghost
 30396 | Shoals:3 | Upgraded the game from 0.27-a0-1312-g5cdb2b3542 to
                  | 0.27-a0-1319-geec4fb4e21
 30433 | Shoals:4 | Entered Level 4 of the Shoals
 30479 | Shoals:4 | Found Jaetuc's General Store.
 30479 | Shoals:4 | HP: 5/151 [merfolk impaler (3)]
 30631 | Shoals:4 | Reached skill level 5 in Transmutations
 30924 | Shoals:4 | Reached skill level 1 in Evocations
 30932 | Shoals:4 | Got a barnacled rune of Zot
 31194 | Shoals:4 | Found the +9 sword of Zonguldrok {reap}
 31243 | Shoals:4 | Identified the +6 hand axe "Tisi" {vamp, rCorr Dex+2}
 32098 | Vaults:1 | Entered Level 1 of the Vaults
 32256 | Vaults:1 | Found a runed translucent door.
 32256 | Vaults:1 | Noticed Nybbakke's ghost (adept MiFi)
 32279 | Vaults:1 | Killed Nybbakke's ghost
 32556 | Vaults:1 | Found Bessufecw's Antique Weapon Shop.
 32569 | Vaults:1 | Found Soegouga's Armour Emporium.
 32706 | Vaults:1 | Reached XP level 19. HP: 111/159 MP: 31/31
 32916 | Vaults:1 | Found Xym Wirph's Jewellery Shop.
 32984 | Vaults:1 | Found Lumunn's Antique Weapon Boutique.
 33174 | Vaults:1 | Found Uqoiwn's General Store.
 33206 | Vaults:1 | Reached skill level 17 in Fighting
 33410 | Vaults:2 | Found a staircase to the Crypt.
 33411 | Vaults:2 | Noticed an ancient lich
 33419 | Vaults:2 | Killed an ancient lich
 33516 | Vaults:2 | Reached skill level 10 in Spellcasting
 33734 | Vaults:2 | Reached skill level 5 in Evocations
 33971 | Vaults:2 | Reached XP level 20. HP: 114/168 MP: 34/34
 35293 | Vaults:3 | Noticed Margery
 35338 | Vaults:3 | Killed Margery
 35352 | Vaults:3 | Reached skill level 18 in Fighting
 36399 | Vaults:4 | Noticed Sojobo
 36406 | Vaults:4 | Paralysed by an air elemental for 1 turns
 36410 | Vaults:4 | Killed Sojobo
 36957 | Vaults:4 | Gained mutation: You have claws for feet. [demonic
                  | ancestry]
 36957 | Vaults:4 | Reached XP level 21. HP: 178/178 MP: 35/35
 37720 | Snake:1  | Upgraded the game from 0.27-a0-1319-geec4fb4e21 to
                  | 0.27-a0-1334-g2746e35aca
 38050 | Snake:4  | Got a serpentine rune of Zot
 38694 | Snake:4  | Learned a level 5 spell: Borgnjor's Vile Clutch
 38746 | Snake:4  | Identified the +3 rapier of the Shark {vamp, +Rage}
 39005 | Elf:1    | Entered Level 1 of the Elven Halls
 39074 | Elf:1    | Found a shimmering blue altar of Sif Muna.
 39150 | Elf:1    | Found Woicwaozoe's Distillery.
 39161 | Elf:1    | Bought 2 potions of curing for 84 gold pieces
 39161 | Elf:1    | Bought a potion of curing for 42 gold pieces
 39161 | Elf:1    | Bought a potion of heal wounds for 70 gold pieces
 39161 | Elf:1    | Bought a potion of might for 56 gold pieces
 39161 | Elf:1    | Bought 2 potions of resistance for 280 gold pieces
 39161 | Elf:1    | Bought a potion of might for 56 gold pieces
 39233 | Elf:1    | Reached skill level 10 in Earth Magic
 39255 | Elf:1    | Reached skill level 10 in Transmutations
 39262 | Elf:1    | Reached skill level 19 in Fighting
 40052 | Elf:2    | Found Muitar's General Store.
 40064 | Elf:2    | Bought the +1 pair of gloves of the Fiend {Drain rN++
                  | Slay+5} for 678 gold pieces
 40178 | Elf:2    | Paralysed by an air elemental for 1 turns
 40277 | Elf:2    | Found a runed translucent gate.
 40277 | Elf:2    | Found a runed translucent gate.
 40277 | Elf:2    | Found a runed translucent gate.
 40387 | Elf:3    | Entered Level 3 of the Elven Halls
 40414 | Elf:3    | Reached skill level 10 in Evocations
 40415 | Elf:3    | Paralysed by an air elemental for 1 turns
 40565 | Elf:3    | Reached skill level 20 in Fighting
 40656 | Elf:3    | Identified the +8 spear of Jacaem {protect, *Slow Fly rN+}
 40659 | Elf:3    | Identified the +4 mace "Ultimatum" {vorpal, *Corrode Str+4
                  | Int+2 Dex+10}
 40777 | Elf:3    | Identified the +11 lajatang "Trog's Indignation" {flame,
                  | rCorr Dex+3}
 40780 | Elf:3    | Noticed Aizul
 40787 | Elf:3    | Killed Aizul
 40933 | Elf:3    | Gained mutation: Your melee attacks may debilitate your
                  | foes. [demonic ancestry]
 40933 | Elf:3    | Reached XP level 22. HP: 190/190 MP: 32/36
 40938 | Elf:3    | Identified the Incunabulum of Creation and Attacks
 40967 | Elf:3    | Identified the +10 fustibalus of the Salmon {venom, Will+
                  | Int+2 Dex+2}
 40979 | Elf:3    | Found the +8 orange crystal plate armour {Archmagi, Int+3
                  | Clar}
 40989 | Elf:3    | Identified the Collected Works on the Creative Snowflakes
 41150 | Elf:3    | Noticed Bai Suzhen
 41176 | Elf:3    | Killed Bai Suzhen
 41227 | Elf:3    | Found Koism's Antique Weapon Emporium.
 41757 | Depths:1 | Entered Level 1 of the Depths
 41834 | Depths:1 | Found a one-way gate leading to the halls of Pandemonium.
 41950 | Depths:1 | Found a shadowy altar of Dithmenos.
 42538 | Depths:1 | Identified the +0 helmet "Xoiff" {rF++ Int+3 Stlth+}
 42840 | Depths:2 | Found Juragenuv's Distillery.
 42872 | Depths:2 | Bought a potion of curing for 54 gold pieces
 42872 | Depths:2 | Bought a potion of curing for 54 gold pieces
 42872 | Depths:2 | Bought 2 potions of curing for 108 gold pieces
 42872 | Depths:2 | Bought a potion of mutation for 144 gold pieces
 42872 | Depths:2 | Acquired the +3 crown of Dyrovepreva {rElec Int+2 SInv}
 42873 | Depths:2 | Found the +3 crown of Dyrovepreva {rElec Int+2 SInv}
 42989 | Depths:2 | Found a blossoming altar of Fedhas.
 43034 | Depths:2 | Found a portal to a secret trove of treasure.
 43722 | Depths:2 | Noticed a golden dragon
 43732 | Depths:2 | Killed a golden dragon
 44017 | Depths:2 | Noticed a golden dragon
 44024 | Depths:2 | Killed a golden dragon
 44025 | Depths:2 | Reached XP level 23. HP: 177/198 MP: 38/38
 44218 | Depths:3 | Found a one-way gate to the infinite horrors of the Abyss.
 44218 | Depths:3 | Noticed Louise
 44227 | Depths:3 | Killed Louise
 44948 | Depths:3 | Acquired a book of Burglary
 44950 | Depths:3 | Acquired 743 gold pieces
 45023 | Depths:4 | Noticed a caustic shrike
 45030 | Depths:4 | Killed a caustic shrike
 45394 | Depths:4 | Identified the Almanac of the Entourage
 45925 | Depths:4 | Learned a level 2 spell: Passwall
 45927 | Depths:4 | Learned a level 1 spell: Apportation
 45932 | Depths:4 | Learned a level 4 spell: Passage of Golubria
 45938 | Depths:4 | Learned a level 5 spell: Summon Forest
 45946 | Depths:4 | Learned a level 7 spell: Storm Form
 45978 | Depths:5 | Entered Level 5 of the Depths
 45999 | Depths:5 | Found a gateway to a ziggurat.
 46214 | Depths:5 | Gained mutation: You frequently emit foul miasma when
                  | damaged in melee. [demonic ancestry]
 46214 | Depths:5 | Reached XP level 24. HP: 187/206 MP: 39/39
 46255 | Depths:5 | Found a gate to the Realm of Zot.
 46600 | Depths:5 | Found a shimmering blue altar of Sif Muna.
 46639 | Depths:5 | Found a gateway to a bazaar.
 46644 | Bazaar   | Entered a bazaar
 46727 | Bazaar   | Found Huyr's Antique Armour Boutique.
 46748 | Bazaar   | Found Lizxetic's Antique Weapon Emporium.
 46766 | Bazaar   | Found Zig Feoju's Book Emporium.
 46791 | Bazaar   | Found Okyum's Book Emporium.
 46942 | Depths:5 | Acquired 909 gold pieces
 47404 | Vaults:5 | Entered Level 5 of the Vaults
 47429 | Vaults:4 | Reached skill level 21 in Fighting
 47636 | Vaults:5 | Noticed Mennas
 47644 | Vaults:4 | Killed Mennas
 47644 | Vaults:4 | HP: 4/270 [yaktaur captain (12)]
 47645 | Vaults:4 | Mangled by a golden dragon

Illustrated notes

Levels and vault maps discovered:
D:1:      kennysheep_arrival_seaside, layout_basic,
          hellmonk_ecumenical_altar_inner_sanctum, serial_shops, shop
D:2:      layout_basic
D:3:      layout_loops_corners, lemuel_doored_altar, st_stairs_11
D:4:      layout_gridville, amcnicky_altar_gilded, chequers_jeans,
          kennysheep_generic_room_11, uniq_duvessa, uniq_pikel
D:5:      layout_cave_pools, chequers_temple_overflow_minitemple
D:6:      layout_gridville, nzn_wu_jian_council_hall, minmay_temple_entry_hall,
          st_stairs_4, kennysheep_nondescript, uniq_prince_ribbit1
D:7:      layout_cave_pools, lemuel_crystal_altar,
          gammafunk_temple_overflow_pools
D:8:      gammafunk_cloud_chamber, layout_loops_corners, jmf_multi_god_temple2
D:9:      minmay_spotlight, layout_irregular_city, old_standard_altar,
          lair_entry_dummy, gammafunk_ghost_grave, serial_shops, shop,
          shop_statue, corexii_mini_fake_secret_closet
D:10:     layout_cave_pools, general_overflow_altar, orc_david_3
D:11:     layout_loops_ring, serial_shops, shop, grunt_ministairs_7, uniq_urug,
          uniq_erolcha, uniq_fannar
D:12:     layout_loops_cross, minmay_sticks_and_stones
D:13:     layout_cave_pods, gammafunk_ghost_necromancy
D:14:     layout_loops_corners, david_vaults_1, serial_shops, shop,
          serial_park_fountain, kennysheep_cross_room
D:15:     gammafunk_enter_depths_forms, layout_long_grid, small_statue_alley_a,
          gauntlet_entry_generic, lightli_corner_chamber
Temple:   jpeg_temple_island
Lair:1:   layout_concentric_octagons, serial_rivers,
          chequers_serial_rivers_micro_b, chequers_serial_rivers_room_b,
          chequers_serial_rivers_micro_a, chequers_serial_rivers_micro_e,
          st_stairs_3, serial_bayou_pond_e, minmay_lair_oklob_bushes,
          guppyfry_lair_drakes
Lair:2:   layout_cave_pods, minmay_snake_entry_six_corridors,
          serial_bayou_pond_e
Lair:3:   layout_regular_city, serial_rivers, chequers_serial_rivers_large_b,
          chequers_serial_rivers_micro_e, chequers_serial_rivers_micro_c,
          chequers_serial_rivers_micro_b, chequers_serial_rivers_small_a,
          grunt_forest_large_clearings
Lair:4:   layout_small_grid, elwin_shoals_entry_stream, kilobyte_rumbling_trees,
          minmay_lair_oklob_chamber, grunt_megastairs_3
Lair:5:   layout_loops_ring, pf_torpor_hydra, serial_bayou_shore_b
Lair:6:   evil_forest, layout_hall_layers, slime_altar_1, basic_altar,
          nicolae_quartered_pool_little, nzn_sisyphean_effort,
          infiniplex_staircase_pool_2, lemuel_fruit_tree
Shoals:1: layout_shoals, nicolae_shoals_this_corrosion
Shoals:2: layout_shoals, hangedman_shoal_volcano, uniq_roxanne
Shoals:3: layout_shoals, ebering_ghost_rock_garden, uniq_ilsuiw
Shoals:4: shoals_end_grunt_ice, layout_shoals, shoal_ilsuiw, serial_shops,
          nicolae_square_shop, nicolae_shoals_sun_and_surf
Snake:1:  layout_grid_maze
Snake:2:  gammafunk_sealed_arena, layout_misc_corridors, special_room,
          serial_shops, nicolae_shop_overgrown_old_shop, minmay_shop_star,
          uniq_jorgrun
Snake:3:  hangedman_cross_stitches, layout_basic, gammafunk_ghost_necromancy,
          grunt_megastairs_5
Snake:4:  minmay_snake_end_coiled, layout_gridlike
Orc:1:    layout_diamond_mine, basic_altar, abandoned_shop
Orc:2:    grunt_orc_tribal_feast, layout_diamond_mine
Elf:1:    eino_elf_arrival_sip, layout_geoelf_diagonals, serial_shops, shop,
          hangedman_elven_crosses_minicolossus, lemuel_statue_altar
Elf:2:    layout_geoelf_diagonals, serial_shops,
          nicolae_shop_temple_entry_statues_fountains, uniq_saint_roka
Elf:3:    minmay_elf_hall_quartered_circle, layout_loops_cross, serial_shops,
          nicolae_diamond_shop, uniq_aizul, uniq_bai_suzhen
Vaults:1: ebering_vaults_ghost_inner_flame, dpeg_vaults_monster_box,
          nicolae_vaults_display_case, v_misc_28,
          nicolae_vaults_little_squares_5, v_misc_5,
          hangedman_vaults_restitches, hangedman_vaults_stitches,
          hangedman_vaults_hat, vaults_room_hallway, vaults_mumra_chevron,
          layout_vaults_omnibox, serial_shops, shop, shop, shop,
          nicolae_shop_crystal, shop
Vaults:2: v_misc_26, minmay_crypt_entry_simple_corners, st_star,
          ontoclasm_vaults_spin, v_misc_32, v_pattern_3,
          nicolae_vaults_shelves_hall, ontoclasm_vaults_misaligned,
          grunt_vaults_focal, vaults_mumra_chevron_long, v_rooms_3,
          ontoclasm_vaults_chip, nicolae_vaults_little_squares_6,
          layout_vaults_big_cross
Vaults:3: v_alt_pattern_4, grunt_vaults_twisty, hangedman_vaults_stream,
          grunt_vaults_diagonal, ontoclasm_vaults_idyll, v_rooms_5,
          vaults_standard_mumra_lines, nicolae_vaults_asterisk,
          nicolae_vaults_rhombus_7, nicolae_vaults_little_squares_3,
          vaults_dpeg_encased_lava, layout_vaults_omnigrid, uniq_margery
Vaults:4: nicolae_vaults_network_periphery, st_lines,
          nicolae_vaults_diagonal_hallway_8, vaults_dpeg_doors,
          nicolae_vaults_windows_and_doors_thing, v_misc_19,
          vaults_standard_mumra_enter_the_diamond, vaults_room_stairs_pillars,
          nicolae_vaults_little_squares_3, vaults_dpeg_ring,
          ontoclasm_vaults_decontamination, layout_vaults_ring, uniq_sojobo
Vaults:5: uniq_mennas
Depths:1: layout_gridlike, grunt_pan_entry_sceptre, serial_bayou_shore_a,
          hell_entry, nicolae_dithmenos_shadow_blocks
Depths:2: cell_vault, layout_gridlike, pf_hell_entry_great_geh,
          nicolae_water_bricks, nicolae_trove_entry_path_of_doom, serial_shops,
          shop, fedhas_altar_1, firewood_loft
Depths:3: kennysheep_ambush_hall, layout_cave_pools, pan_entry,
          nicolae_abyss_entry_one_way_or_another, pf_hell_entry_tar_river,
          hangedman_decor_clover_reticule, infiniplex_staircase_pool_lava
Depths:4: minmay_textured_paths, layout_gridville, abyss_entry,
          elyvilon_altar_5, grunt_hell_entry_dis_old,
          kennysheep_nondecorative_pillar, serial_bayou_shore_b
Depths:5: evilmike_zot_entry_gauntlet, layout_long_grid, enter_ziggurat_b,
          hellmouth_3, nicolae_sif_muna_condensation, serial_shops, statue_bzr

Skill      XL: |  1  2  3  4  5  6  7  8  9 10 11 12 13 14 15 16 17 18 19 20 21 22 23 24 |
---------------+-------------------------------------------------------------------------+-----
Unarmed Combat | 2 3 4 5 6 7 9 10 11 12 13 14 15 16 17 18 19 | 19.1
Armour         | 3 4 5 6 7 8 9 10 11 12 | 12.0
Shields        | 3 4 5 6 7 8 9 10 11 12 13 | 13.8
Dodging        | 1 2 3 4 5 6 7 8 9 10 11 12 13 | 13.0
Fighting       | 4 5 6 7 8 9 11 12 14 15 16 17 18 20 21 | 21.0
Invocations    | 1 6 9 10 11 12 13 14 | 14.0
Spellcasting   | 4 6 8 10 11 12 | 12.3
Earth Magic    | 3 4 6 7 9 10 11 12 | 12.2
Transmutations | 2 4 5 7 9 10 11 12 | 12.3
Evocations     | 3 5 8 10 | 10.0

Action                   |  1- 3 |  4- 6 |  7- 9 | 10-12 | 13-15 | 16-18 | 19-21 | 22-24 || total
-------------------------+-------+-------+-------+-------+-------+-------+-------+-------++-------
Melee: Unarmed           |    37 |       |   435 |   483 |  1230 |  1765 |  1301 |  1098 ||  6349
       Whip              |   104 |   131 |    41 |       |       |       |       |       ||   276
       Kick              |       |       |   172 |   306 |   783 |   396 |   132 |   643 ||  2432
Throw: Throwing net      |       |       |       |       |       |       |     1 |       ||     1
 Cast: Statue Form       |       |       |       |       |       |       |    21 |    20 ||    41
Invok: Slouch            |       |       |       |     2 |     3 |    12 |     8 |     2 ||    27
Evoke: Wand              |       |       |       |       |       |     4 |     9 |     5 ||    18
       Condenser vane    |       |       |       |       |       |     1 |     5 |     1 ||     7
  Use: Scroll            |     6 |     1 |     6 |     8 |    10 |    13 |     1 |     4 ||    49
       Potion            |       |     4 |       |     1 |       |     9 |       |       ||    14
 Stab: Distracted        |       |       |       |       |     1 |       |       |       ||     1
       Confused          |       |       |       |       |       |     1 |     2 |       ||     3
       Sleeping          |       |       |       |       |       |       |     1 |       ||     1
Armor: Scale mail        |    77 |    55 |   164 |       |       |       |       |       ||   296
       Plate armour      |       |       |    27 |   192 |    69 |       |       |       ||   288
       Gold dragon scale |       |       |       |       |   398 |   801 |   450 |       ||  1649
       Skin              |       |       |       |       |       |       |    85 |   195 ||   280
       Crystal plate arm |       |       |       |       |       |       |       |   365 ||   365
Dodge: Dodged            |    44 |    27 |   134 |   152 |   684 |  1163 |   845 |   775 ||  3824
Block: Kite shield       |    72 |   129 |   368 |   433 |  1396 |  2377 |  1416 |  1247 ||  7438

Table legend: (Time is in decaauts)
 A = Elapsed time spent in this place.
 B = Non-inter-level travel time spent in this place.
 C = Inter-level travel time spent in this place.
 D = Time resting spent in this place.
 E = Time spent auto-exploring this place.
 F = Levels seen in this place.
 G = Mean time per level.
                   A        B        C        D        E       F      G
               +--------+--------+--------+--------+--------+-----+--------+
         Total |  75328 |  68023 |   7305 |   4494 |  48585 |  47 | 1602.7 |
       Dungeon |  21246 |  18867 |   2379 |   2926 |  12332 |  15 | 1416.4 |
        Temple |    330 |    272 |     58 |      0 |    267 |   1 |  330.0 |
          Lair |  11915 |  10495 |   1420 |     21 |   8999 |   6 | 1985.8 |
        Shoals |   7186 |   6710 |    476 |    590 |   3880 |   4 | 1796.5 |
     Snake Pit |   7610 |   6690 |    920 |    346 |   4589 |   4 | 1902.5 |
  Orcish Mines |   2476 |   2121 |    355 |     42 |   1670 |   2 | 1238.0 |
   Elven Halls |   4751 |   4406 |    345 |    155 |   3322 |   3 | 1583.7 |
        Vaults |   9415 |   8629 |    786 |    264 |   6237 |   5 | 1883.0 |
        Depths |   9382 |   8819 |    563 |    108 |   6708 |   5 | 1876.4 |
        Bazaar |    363 |    363 |      0 |      0 |    307 |   1 |  363.0 |
      Gauntlet |    650 |    650 |      0 |     40 |    272 |   1 |  650.0 |
               +--------+--------+--------+--------+--------+-----+--------+

Top non-repeatable levels by time:
Vaults:2: 2643 daAuts
Vaults:4: 2505 daAuts
  Lair:1: 2435 daAuts
Depths:2: 2398 daAuts
Vaults:3: 2296 daAuts
  Lair:4: 2287 daAuts
    D:14: 2216 daAuts
Shoals:4: 2085 daAuts
 Snake:3: 2083 daAuts
  Lair:3: 2020 daAuts
 Snake:4: 2004 daAuts
  Lair:2: 1954 daAuts
Depths:4: 1954 daAuts
Vaults:1: 1930 daAuts
 Snake:1: 1866 daAuts
